 Dungeon Crawl Stone Soup version 0.28.0-53-g5a82cb258f (webtiles) character file.

Game seed: 4222746191985948816

314 Ashen the Magician (level 6, 0/44 HPs)
             Began as a Gnoll Hedge Wizard on June 29, 2022.
             Slain by a scorpion (7 damage)
             ... on level 4 of the Dungeon.
             The game lasted 00:07:16 (4882 turns).

Ashen the Magician (Gnoll Hedge Wizard)             Turns: 4882, Time: 00:07:17

Health: 0/44       AC:  2    Str:  9    XL:     6   Next: 43%
Magic:  9/16       EV: 13    Int: 15    God:
Gold:   119        SH:  0    Dex: 12    Spells: 11/19 levels left

rFire   . . .      SeeInvis .   i - +4 dagger "Moaseam" {vorpal, rN+}
rCold   . . .      Faith    .   (no shield)
rNeg    + . .      Spirit   .   b - +0 robe
rPois   .          Reflect  .   c - +0 hat
rElec   .          Harm     .   (no cloak)
rCorr   .          Rampage  .   (no gloves)
Will    .....                   (no boots)
Stlth   +++.......              (no amulet)
HPRegen 0.14/turn               (no ring)
MPRegen 0.15/turn               (no ring)

@: lethally poisoned (0 -> -9)
A: fangs 1, strong nose, distributed training
a: no special abilities


You were on level 4 of the Dungeon.
You visited 2 branches of the dungeon, and saw 5 of its levels.

You collected 119 gold pieces.

Inventory:

Hand Weapons
 i - the +4 dagger "Moaseam" (weapon) {vorpal, rN+}
   (You found it on level 2 of the Dungeon)

   It inflicts extra damage upon your enemies.
   rN:        It protects you from negative energy.
 o - a +1 dagger of venom
Missiles
 e - 3 poisoned darts
 g - 26 arrows
 r - 21 stones
Armour
 b - a +0 robe (worn)
 c - a +0 hat (worn)
 d - a +0 plate armour of cold resistance
Jewellery
 p - an amulet of faith
Wands
 a - a wand of polymorph (3)
Scrolls
 j - 4 scrolls of immolation {unknown}
 l - a scroll of identify {unknown}
 m - a scroll of teleportation {unknown}
 q - a scroll of silence {unknown}
Potions
 f - 2 potions of curing {unknown}
 h - 3 potions of might
 k - a potion of lignification {unknown}
 n - 2 potions of brilliance {unknown}
 s - a potion of mutation {unknown}


   Skills:
 + Level 2.0 Fighting
 + Level 2.0 Short Blades
 + Level 2.0 Long Blades
 + Level 2.0 Axes
 + Level 2.0 Maces & Flails
 + Level 2.0 Polearms
 + Level 2.0 Staves
 + Level 2.0 Slings
 + Level 2.0 Bows
 + Level 2.0 Crossbows
 + Level 2.0 Throwing
 + Level 2.0 Armour
 + Level 5.0 Dodging
 + Level 4.6 Stealth
 + Level 2.0 Shields
 + Level 2.0 Unarmed Combat
 + Level 7.4 Spellcasting
 + Level 2.6 Conjurations
 + Level 1.5 Hexes
 + Level 2.6 Summonings
 + Level 1.5 Necromancy
 + Level 2.6 Translocations
 + Level 1.5 Transmutations
 + Level 1.5 Fire Magic
 + Level 1.5 Ice Magic
 + Level 1.5 Air Magic
 + Level 1.5 Earth Magic
 + Level 1.5 Poison Magic
 + Level 2.1 Invocations
 + Level 2.0 Evocations


You had 11 spell levels left.
You knew the following spells:

 Your Spells              Type           Power      Damage    Failure   Level
a - Magic Dart            Conj           52%        1d5       4%          1
b - Blink                 Tloc           26%        N/A       6%          2
c - Call Imp              Summ           13%        N/A       6%          2
d - Mephitic Cloud        Conj/Pois/Air  11%        N/A       17%         3

Your spell library contained the following spells:

 Spells                   Type           Power      Damage    Failure   Level
 Slow                     Hex            40%        N/A       7%          1
 Conjure Flame            Conj/Fire      11%        6-21      16%         3


Dungeon Overview and Level Annotations

Branches:
Dungeon (4/15)             Temple (1/1) D:4

Altars:
Ashenzari
Cheibriados
Dithmenos
Elyvilon
Fedhas
Gozag
Hepliaklqana
Kikubaaqudgha
Makhleb
Nemelex Xobeh
Okawaru
Qazlal
Ru
Trog
Uskayaw
Vehumet
Wu Jian
Xom
Yredelemnul
Zin
The Shining One

Shops:
D:3 (   D:4 **[[


Innate Abilities, Weirdness & Mutations

You have very sharp teeth.
Your uncanny sense of smell can sniff out nearby items.
Your experience applies equally to all skills.


Message History

Confirm with . or Enter, or press ? or * to list all spells.
Aiming: Magic Dart (safe; 4% risk of failure)
Press: ? - help, Shift-Dir - straight line, f/p - scorpion
Aim: a scorpion (heavily wounded, 100% to hit)
The magic dart hits the scorpion but does no damage.
The scorpion is heavily wounded.
You feel sick.
Casting: Magic Dart (safe; 4% risk of failure)
Confirm with . or Enter, or press ? or * to list all spells.
Aiming: Magic Dart (safe; 4% risk of failure)
Press: ? - help, Shift-Dir - straight line, f/p - scorpion
Aim: a scorpion (heavily wounded, 100% to hit)
The magic dart hits the scorpion but does no damage.
The scorpion is heavily wounded.
You feel sick.
Casting: Magic Dart (safe; 4% risk of failure)
Confirm with . or Enter, or press ? or * to list all spells.
Aiming: Magic Dart (safe; 4% risk of failure)
Press: ? - help, Shift-Dir - straight line, f/p - scorpion
Aim: a scorpion (heavily wounded, 100% to hit)
The magic dart hits the scorpion.
The scorpion is heavily wounded.
You feel sick. The scorpion stings you.
* * * LOW HITPOINT WARNING * * *
You are more poisoned.
The scorpion poisons you!
Casting: Magic Dart (safe; 4% risk of failure)
Confirm with . or Enter, or press ? or * to list all spells.
Aiming: Magic Dart (safe; 4% risk of failure)
Press: ? - help, Shift-Dir - straight line, f/p - scorpion
Aim: a scorpion (heavily wounded, 100% to hit)
The magic dart hits the scorpion.
The scorpion is heavily wounded.
You feel stable enough to blink again.
* * * LOW HITPOINT WARNING * * *
You feel very sick. The scorpion stings you.
* * * LOW HITPOINT WARNING * * *
The scorpion stings you!
You die...

##..# ########......# ....#
#.............# .>..#
#.............###.. ...##
#....♣.♣.♣.♣....... .#.#
#.....∩...∩........ ...#
#....♣.♣.♣.♣....... ##.#
#.......⌠..........
#.########....♣.♣.♣.♣.######
#.##...........@s..∩..#
##.##......###.♣.♣.♣.♣..
...........###...........
..........................
.....############.......
.#....... ....... .#.######
(...... .#.# ∆.###### .#.#
.#


You could see a scorpion.

Vanquished Creatures
  An orc priest (D:2)
  A jelly (D:4)
  Jessica (D:3)
  5 adders
  A gnoll (D:1)
  A worm (D:2)
  3 dart slugs
  4 orcs (D:3)
  5 ball pythons
  4 bats
  6 endoplasms
  3 giant cockroaches
  4 goblins
  7 hobgoblins
  7 jackals
  6 kobolds
  2 quokkas (D:1)
  4 frilled lizards
  6 rats
71 creatures vanquished.

Vanquished Creatures (collateral kills)
  A necrophage (D:4)
1 creature vanquished.

Grand Total: 72 creatures vanquished

Notes
Turn   | Place    | Note
-------+----------+-------------------------------------------
     0 | D:1      | Ashen the Gnoll Hedge Wizard began the quest for the Orb.
     0 | D:1      | Reached XP level 1. HP: 13/13 MP: 8/8
   506 | D:1      | Reached XP level 2. HP: 19/19 MP: 2/10
   712 | D:1      | Reached XP level 3. HP: 25/25 MP: 8/11
  1299 | D:1      | Found a faded altar of an unknown god.
  1304 | D:1      | Reached skill level 1 in Invocations
  1839 | D:2      | Identified the +4 dagger "Moaseam" {vorpal, rN+}
  1903 | D:2      | Reached skill level 1 in Fighting
  1903 | D:2      | Reached skill level 1 in Short Blades
  1903 | D:2      | Reached skill level 1 in Long Blades
  1903 | D:2      | Reached skill level 1 in Axes
  1903 | D:2      | Reached skill level 1 in Maces & Flails
  1903 | D:2      | Reached skill level 1 in Polearms
  1903 | D:2      | Reached skill level 1 in Staves
  1903 | D:2      | Reached skill level 1 in Slings
  1903 | D:2      | Reached skill level 1 in Bows
  1903 | D:2      | Reached skill level 1 in Crossbows
  1903 | D:2      | Reached skill level 1 in Throwing
  1903 | D:2      | Reached skill level 1 in Armour
  1903 | D:2      | Reached skill level 1 in Shields
  1903 | D:2      | Reached skill level 1 in Unarmed Combat
  1903 | D:2      | Reached skill level 1 in Evocations
  1906 | D:2      | Learned a level 2 spell: Blink
  1909 | D:2      | Learned a level 2 spell: Call Imp
  1913 | D:2      | Learned a level 3 spell: Mephitic Cloud
  1944 | D:2      | Reached XP level 4. HP: 15/32 MP: 9/13
  2428 | D:2      | Reached skill level 1 in Hexes
  2428 | D:2      | Reached skill level 1 in Necromancy
  2428 | D:2      | Reached skill level 1 in Transmutations
  2428 | D:2      | Reached skill level 1 in Fire Magic
  2428 | D:2      | Reached skill level 1 in Ice Magic
  2428 | D:2      | Reached skill level 1 in Air Magic
  2428 | D:2      | Reached skill level 1 in Earth Magic
  2428 | D:2      | Reached skill level 1 in Poison Magic
  2807 | D:3      | Found Qeuvvaw's Antique Weapon Emporium.
  2950 | D:3      | Noticed Jessica
  2967 | D:3      | Killed Jessica
  2968 | D:3      | Reached XP level 5. HP: 31/37 MP: 9/14
  4272 | D:4      | Reached XP level 6. HP: 44/44 MP: 6/16
  4377 | D:4      | Found a staircase to the Ecumenical Temple.
  4386 | Temple   | Entered the Ecumenical Temple
  4715 | D:4      | Noticed a necrophage
  4746 | D:4      | Killed a necrophage
  4747 | D:4      | Reached skill level 5 in Dodging
  4861 | D:4      | Found Soraner's General Store.
  4861 | D:4      | Found Xidd's Antique Armour Shoppe.
  4861 | D:4      | Found Syculuc's Antique Armour Shoppe.
  4862 | D:4      | Found Ygualoh's General Store.
  4882 | D:4      | Slain by a scorpion

Illustrated notes

Levels and vault maps discovered:
D:1:      denvon_arrival_planthouse, layout_basic, serial_curves,
          eino_curves_03, eino_curves_04, hellmonk_ecumenical_altar_zigzags
D:2:      layout_rooms, minmay_cut_off
D:3:      layout_basic, serial_shops, nicolae_shop_trees, uniq_jessica
D:4:      layout_basic, nicolae_overflow_crystal_walls,
          minmay_temple_entry_butterflies, minmay_shop_grid_forest, uniq_ijyb
Temple:   compressed_dpeg_triangle_lava_temple

Skill      XL: |  1  2  3  4  5  6 |
---------------+-------------------+-----
Conjurations   | 2 |  2.6
Summonings     | 2 |  2.6
Translocations | 2 |  2.6
Invocations    | 1 2 |  2.1
Fighting       | 1 2 |  2.0
Short Blades   | 1 2 |  2.0
Long Blades    | 1 2 |  2.0
Axes           | 1 2 |  2.0
Maces & Flails | 1 2 |  2.0
Polearms       | 1 2 |  2.0
Staves         | 1 2 |  2.0
Slings         | 1 2 |  2.0
Bows           | 1 2 |  2.0
Crossbows      | 1 2 |  2.0
Throwing       | 1 2 |  2.0
Armour         | 1 2 |  2.0
Shields        | 1 2 |  2.0
Unarmed Combat | 1 2 |  2.0
Evocations     | 1 2 |  2.0
Hexes          | 1 |  1.5
Necromancy     | 1 |  1.5
Transmutations | 1 |  1.5
Fire Magic     | 1 |  1.5
Ice Magic      | 1 |  1.5
Air Magic      | 1 |  1.5
Earth Magic    | 1 |  1.5
Poison Magic   | 1 |  1.5
Dodging        | 5 |  5.0
Stealth        | |  4.6
Spellcasting   | |  7.4

Action                   |  1- 3 |  4- 6 || total
-------------------------+-------+-------++-------
Melee: Dagger            |    36 |    60 ||    96
       Bite              |     2 |     1 ||     3
       Unarmed           |       |     4 ||     4
       Punch             |       |     1 ||     1
 Cast: Magic Dart        |    69 |    58 ||   127
       Mephitic Cloud    |       |     2 ||     2
       Call Imp          |       |     2 ||     2
       Blink             |       |     1 ||     1
  Use: Potion            |       |     1 ||     1
 Stab: Sleeping          |     2 |     8 ||    10
Armor: Robe              |     6 |     7 ||    13
Dodge: Dodged            |    15 |    51 ||    66
